 Dungeon Crawl Stone Soup version 0.30-a0-920-g7493c07aab (webtiles) character file.

Game seed: 17302194382301525181

105 tilp the Slasher (level 5, -2/46 HPs)
             Began as a Meteoran Fighter on Mar 21, 2023.
             Slain by a sky beast (6 damage)
             ... on level 6 of the Dungeon.
             The game lasted 00:02:18 (460 turns).

tilp the Slasher (Meteoran Fighter)                  Turns: 460, Time: 00:02:18

Health: -2/46      AC:  6    Str: 17    XL:     5   Next: 30%
Magic:  6/6        EV: 10    Int:  9    God:
Gold:   0          SH:  5    Dex: 16    Spells: 4/4 levels left

rFire   . . .      SeeInvis .    a - +0 long sword
rCold   . . .      Faith    .    c - +0 buckler
rNeg    . . .      Spirit   .    b - +0 scale mail
rPois   .          Reflect  .    (no helmet)
rElec   .          Rampage  .    (no cloak)
rCorr   .                        (no gloves)
Will    .....                    (no boots) Stlth
                                 (no amulet)
HPRegen 0.27/turn                (no ring)
MPRegen 0.10/turn                (no ring)

@: glowing
A: sense surroundings 1, otherworldly, glowing, explore regen
a: no special abilities


You were on level 6 of the Dungeon.
You visited 1 branch of the dungeon, and saw 5 of its levels.

Inventory:

Hand Weapons
 a - a +0 long sword (weapon)
 l - the +10 bardiche of Bink {antimagic, rF+ rCorr Int+3}
   (You found it on level 6 of the Dungeon)

   Int:       It affects your intelligence (+3).
   rF:        It protects you from fire.
   rCorr:     It protects you from acid and corrosion.
Missiles
 k - 5 stones (quivered)
Armour
 b - a +0 scale mail (worn)
 c - a +0 buckler (worn)
Wands
 m - a wand of paralysis (11)
Scrolls
 d - a scroll of identify {unknown}
 e - a scroll of amnesia {unknown}
 f - a scroll of immolation {unknown}
 i - 2 scrolls of silence {unknown}
 j - a scroll of blinking {unknown}
Potions
 g - a potion of brilliance {unknown}
 h - 2 potions of resistance {unknown}
 n - 2 potions of lignification {unknown}


   Skills:
 - Level 4.0 Fighting
 * Level 4.8 Long Blades
 - Level 3.6 Armour
 - Level 2.0 Dodging
 - Level 3.6 Shields


You had 4 spell levels left.
You didn't know any spells.
Your spell library was empty.

Dungeon Overview and Level Annotations

Branches:
Dungeon (4/15) Zot: 2518
 Temple: D:4-7

Altars:
Fedhas
Zin

Annotations:
D:2 1 runed translucent door, Crazy Yiuf


Innate Abilities, Weirdness & Mutations

You passively map a small area around you.
You are easily found by Zot.
You glow in the dark.
You regain HP and MP as you explore.


Message History

The sky beast hits you. The sky beast shocks you.
You barely miss the sky beast.
The sky beast is lightly wounded.
The sky beast hits you but does no damage.
You miss the sky beast.
The sky beast is lightly wounded.
The sky beast hits you but does no damage.
The sky beast barely misses you.
You hit the sky beast.
The sky beast is moderately wounded.
You block the sky beast's attack.
You closely miss the sky beast.
The sky beast is moderately wounded.
The sky beast flickers out of sight!
Deactivating autopickup; reactivate with Ctrl-A.
Something hits you. Something shocks you.
You miss something. Something hits you but does no damage.
You closely miss something. Something hits you but does no damage.
You hit something but do no damage. Something hits you but does no damage.
You closely miss something. Something hits you but does no damage.
Something hits you. Something shocks you.
* * * LOW HITPOINT WARNING * * *
You miss something. Something hits you but does no damage.
You hit something. Something hits you.
* * * LOW HITPOINT WARNING * * *
Something shocks you.
* * * LOW HITPOINT WARNING * * *
You miss something. Something hits you.
* * * LOW HITPOINT WARNING * * *
Something shocks you.
* * * LOW HITPOINT WARNING * * *
You hit something.
A sky beast appears from thin air!
Reactivating autopickup.
The sky beast closely misses you.
You hit the sky beast but do no damage.
The sky beast is heavily wounded.
The sky beast hits you.
* * * LOW HITPOINT WARNING * * *
The sky beast shocks you.
You die...

,,,
.......................
,
....####.....#####......
, #...* #...### ##......
, * #...* ##..##
##....... , #...** #...#
#......... , *#...*
#...#........... ,
#...###.........#..... ,
* #.....#........##.....
, #...Y@........###..###
, ................##..##
* ......#######......#*
* #....# #......## ##..#
*#......#### #.#*
#.........# #.
#.......... *.
#.....##### #..##..##


You could see a sky beast.

Vanquished Creatures
  A hound (D:3)
  An orc priest (D:3)
  2 adders (D:3)
  A dart slug (D:2)
  4 orcs (D:3)
  3 bats
  A giant cockroach (D:2)
  2 goblins
  A hobgoblin (D:3)
  2 kobolds (D:3)
  2 ball pythons
  A frilled lizard (D:3)
21 creatures vanquished.

Notes
Turn   | Place    | Note
-------+----------+-------------------------------------------
     0 | D:1      | tilp the Meteoran Fighter began the quest for the Orb.
     0 | D:1      | Reached XP level 1. HP: 19/19 MP: 2/2
    85 | D:2      | Reached XP level 2. HP: 26/26 MP: 3/3
    95 | D:2      | Found a runed translucent door.
    96 | D:2      | Noticed Crazy Yiuf
   159 | D:3      | Reached skill level 1 in Dodging
   159 | D:3      | Reached XP level 3. HP: 31/31 MP: 4/4
   212 | D:3      | Reached XP level 4. HP: 20/40 MP: 5/5
   250 | D:3      | Reached XP level 5. HP: 8/46 MP: 6/6
   266 | D:3      | Found a glowing silver altar of Zin.
   297 | D:3      | You fall into a shaft and drop 3 floors!
   316 | D:6      | Found a blossoming altar of Fedhas.
   324 | D:6      | Identified the +10 bardiche of Bink {antimagic, rF+ rCorr
                  | Int+3}
   439 | D:6      | Noticed a sky beast
   460 | D:6      | Slain by a sky beast

Illustrated notes

Levels and vault maps discovered:
D:1:      dpeg_arrival_refuge, layout_basic
D:2:      layout_loops_ring, basic_ecumenical_altar, serial_shops,
          nicolae_shop_hallway_plus, uniq_crazy_yiuf_cottage
D:3:      layout_rooms, lemuel_doored_altar, grunt_temple_overflow_holy_war
D:4:      minmay_chambers_of_fours, layout_basic, uniq_pikel, uniq_eustachio
D:6:      layout_layer_cave, fedhas_altar_1, gammafunk_temple_overflow_pools,
          serial_shops, shop_fountains, minmay_hedge_maze, uniq_prince_ribbit1,
          uniq_menkaure

Skill      XL: |  1  2  3  4 |
---------------+-------------+-----
Long Blades    | 3 4 |  4.8
Dodging        | 1 2 |  2.0
Fighting       | 4 |  4.0
Armour         | |  3.6
Shields        | |  3.6

Action                     |  1- 3 |  4- 6 || total
---------------------------+-------+-------++-------
  Melee: Long sword        |    45 |    36 ||    81
  Throw: Stone             |     5 |       ||     5
    Use: Potion            |       |     1 ||     1
 Armour: Scale mail        |    25 |    16 ||    41
  Dodge: Dodged            |    24 |     7 ||    31
  Block: Buckler           |    13 |     3 ||    16

Table legend: (Time is in decaauts)
 A = Elapsed time spent in this place.
 B = Non-inter-level travel time spent in this place.
 C = Inter-level travel time spent in this place.
 D = Time resting spent in this place.
 E = Time spent auto-exploring this place.
 F = Levels seen in this place.
 G = Mean time per level.
                   A        B        C        D        E       F      G
               +--------+--------+--------+--------+--------+-----+--------+
         Total |    480 |    463 |     17 |      0 |      0 |   5 |   96.0 |
       Dungeon |    480 |    463 |     17 |      0 |      0 |   5 |   96.0 |
               +--------+--------+--------+--------+--------+-----+--------+

Top non-repeatable levels by time:
     D:6: 166 daAuts
     D:3: 156 daAuts
     D:2: 80 daAuts
     D:1: 74 daAuts
     D:4: 1 daAuts
